[Event "GER-ch Youth-ODJM 2022"]
[Site "Willingen"]
[Date "2022.06.06"]
[Round "3.3"]
[White "Panjer, Sydney"]
[Black "Köhler, Lukas"]
[Result "1-0"]
[ECO "E92"]
[WhiteElo "2043"]
[BlackElo "2099"]
[Annotator "TA"]
[PlyCount "91"]
[EventDate "2022.06.05"]
[EventType "swiss"]
[EventRounds "9"]
[EventCountry "GER"]
[SourceTitle "playchess.com"]
[Source "ChessBase"]
[SourceQuality "1"]
[TimeControl "40/4500+30:900+30"]

1. Nf3 Nf6 2. c4 g6 3. Nc3 Bg7 4. e4 d6 5. d4 O-O 6. Be2 e5 7. dxe5 dxe5 8. Qxd8 Rxd8 9. Bg5 Re8 10. Nd5 Nxd5 11. cxd5 c6 12. Bc4 cxd5 13. Bxd5 Nc6 14. O-O-O $1 {[%emt 0:00:00] 14.0-0-0 scores better than 14.Bxc6.} h6 {[%emt 0:31:05] E92: King's Indian: Classical: 6 Be2 e5: 7 dxe5, 7 Be3 and Petrosian System without 7...Nbd7.} 15. Be3 Bf8 16. Kb1 Kg7 {[%emt 0:04:54] [#] White is slightly better.} 17. Rc1 $146 (17. Rd2 {is interesting.} f6 18. Rhd1 Rd8 19. Ne1) ({Predecessor:} 17. h4 Bg4 18. Rc1 Rac8 19. Bxc6 bxc6 20. Bxa7 c5 21. Rhd1 c4 22. Rd5 f6 23. Be3 {1-0 (65) Taboas Rodriguez,D (2367)-Mazi,L (2340) Chess.com INT 2020}) 17... Bd7 18. Nd2 (18. Rhd1 {with more complications.} f6 19. a3 Be7 20. b4) 18... Rac8 19. Rhd1 Bb4 (19... f6 $11 {should be considered.}) 20. a3 Bxd2 21. Rxd2 f5 22. f3 a6 ({Black should play} 22... f4 $14 23. Bxc6 Bxc6 24. Bxa7 Red8) 23. Bb3 {[%emt 0:00:44] White is more active. This bishop pair is nice.} Re7 {[%emt 0:00:32] [#] This move loses the game for Black.} (23... Nb8 $16) 24. Bc5 $1 $18 Nd4 {[%emt 0:00:28] [#]} 25. Bd5 (25. Bxe7 Rxc1+ 26. Kxc1 Nxb3+ 27. Kd1 Nxd2 28. Kxd2 fxe4 $11) (25. Rxd4 Rxc5 26. Rxc5 exd4 $14) 25... Ree8 26. Bxd4 Rxc1+ 27. Kxc1 exd4 28. Bxb7 ({Don't play} 28. Rxd4 $6 b5 29. Kd2 Kf6 $16) 28... fxe4 29. Rxd4 {[%emt 0:00:57][%mdl 4096] Endgame KRB-KRB} Bb5 30. Bxe4 ({But not} 30. Rxe4 $6 Rd8 31. Re6 Bc4 $18) 30... Re6 31. Kd2 Kf6 32. Bd3 Bxd3 33. Rxd3 {[%emt 0:00:34] KR-KR} Rb6 34. b4 a5 $2 (34... Rc6 35. Rd5 Ke6) 35. bxa5 {[%emt 0:00:51] White is clearly winning.} Rb5 36. Kc3 Rxa5 37. Kb4 Ra8 38. a4 Rb8+ 39. Ka3 Ke5 40. a5 Rb1 41. Ka2 Rb7 42. a6 Ra7 43. Ra3 Kd4 44. Kb2 g5 45. Kc2 h5 46. Kd2 {[%emt 0:00:00] Weighted Error Value: White=0.18 (very precise) /Black=0.32} 1-0

[Event "GER-ch Youth-ODJM 2022"]
[Site "Willingen"]
[Date "2022.06.06"]
[Round "3.4"]
[White "Zha, Kevin"]
[Black "Meiwes, Thore"]
[Result "0-1"]
[ECO "B12"]
[WhiteElo "1835"]
[BlackElo "2080"]
[Annotator "TA"]
[PlyCount "98"]
[EventDate "2022.06.05"]
[EventType "swiss"]
[EventRounds "9"]
[EventCountry "GER"]
[SourceTitle "playchess.com"]
[Source "ChessBase"]
[SourceQuality "1"]
[TimeControl "40/4500+30:900+30"]

1. e4 c6 2. d4 d5 3. e5 Bf5 4. h4 h5 5. Bd3 Bxd3 6. Qxd3 {[%emt 0:00:00][%cal Oe5e6] B12: Caro-Kann: Advance Variation.} Qa5+ 7. Nd2 e6 8. Ngf3 {[%emt 0:00:00] The position is equal.} Nh6 9. O-O Nf5 10. c4 {[%emt 0:00:00] 10.Nb3 is the fancy move.} Be7 11. g3 O-O 12. Rd1 Rd8 {[%emt 0:00:00] [#]} 13. b3 $146 ({Predecessor:} 13. cxd5 cxd5 14. Nf1 Qa6 15. Ne3 Qxd3 16. Rxd3 Nxe3 17. Bxe3 Rc8 18. Rb3 b6 19. Rc1 Rxc1+ 20. Bxc1 {½-½ (42) Papenfuss,I (2499)-Amann,H (2401) ICCF email 2018}) 13... c5 {[%emt 0:00:00] Threatens to win with ...cxd4.} 14. cxd5 Rxd5 15. Nc4 Qa6 16. Ne3 Qxd3 17. Rxd3 Nxe3 18. fxe3 (18. Bxe3 Nc6 19. Re1 cxd4 $17) 18... cxd4 19. exd4 Nc6 {[%emt 0:00:16] White is on the road to losing.} 20. Be3 Bc5 21. Kf1 Rad8 22. Rad1 f6 23. exf6 gxf6 24. Ke2 Bb6 25. a3 Kf7 26. b4 Ne7 27. Bf2 Nf5 28. R3d2 Rg8 29. Rg1 Bc7 30. Rc2 Bd6 (30... Nxg3+ 31. Bxg3 Bxg3 32. Ng5+ fxg5 33. Rxg3 $17) 31. Kd3 a5 (31... Nxg3 32. Be1 Rg7 33. a4) (31... Bxg3 32. Bxg3 Rxg3 33. Rc7+ Ke8 34. Rxg3 Nxg3 35. Rxb7 $11) 32. Be1 (32. bxa5 {might work better.} Rxa5 33. Rc3) 32... axb4 $19 (32... Nxg3 33. Rcg2 $16) 33. axb4 Rg4 (33... Nxg3 34. Rcg2 $16) 34. Bf2 Nxg3 (34... Bxb4 35. Rc7+ Kg6 36. Rxb7) 35. Nh2 Rg8 ({Don't go for} 35... Rxh4 $2 36. Bxg3 Rh3 37. Nf1) 36. Bxg3 Rxg3+ ({Not} 36... Bxg3 $2 37. Nf3 Bd6 38. Rxg8 Kxg8 39. Ke3) 37. Rxg3 Bxg3 {[%emt 0:00:04][%mdl 4096] Endgame KRB-KRN} 38. Nf3 Bd6 39. Rc8 Rb5 ({Inferior is} 39... Bxb4 40. Rc7+ Kg6 41. Rxb7) 40. Ke4 Rxb4 {[%emt 0:01:14] [#] White must now prevent ...Rb3.} 41. Rh8 $2 (41. Kd3) 41... Rb5 42. Nd2 (42. Rh7+ $142 Kg6 43. Rd7) 42... Bg3 43. Rh7+ Kg6 44. Re7 Rb2 45. Nc4 Rb4 46. Ne3 f5+ 47. Kf3 Kf6 48. Rh7 Bxh4 49. Rxh5 Rxd4 {[%emt 0:00:00] Weighted Error Value: White=0.31/Black=0.18 (very precise)} 0-1

[Event "GER-ch Youth-ODJM 2022"]
[Site "Willingen"]
[Date "2022.06.06"]
[Round "3.5"]
[White "Wensing, Maximilian"]
[Black "Struck, Lasse"]
[Result "1-0"]
[ECO "A36"]
[WhiteElo "2063"]
[BlackElo "1847"]
[Annotator "TA"]
[PlyCount "41"]
[EventDate "2022.06.05"]
[EventType "swiss"]
[EventRounds "9"]
[EventCountry "GER"]
[SourceTitle "playchess.com"]
[Source "ChessBase"]
[SourceQuality "1"]
[TimeControl "40/4500+30:900+30"]

1. c4 c5 2. g3 Nc6 3. Bg2 g6 4. Nc3 Bg7 5. a3 d6 6. Rb1 a5 7. d3 e5 8. h4 {[%emt 0:00:00] [#] A36: Symmetrical English vs ...g6: 4 Bg2 Bg7.} Bg4 $146 ({Predecessor:} 8... h6 9. Bd2 Nge7 10. Qc1 f5 11. Nf3 Be6 12. O-O Nd4 13. Nxd4 cxd4 14. Nb5 d5 15. cxd5 Rc8 16. dxe6 Rxc1 17. Rfxc1 {½-½ (64) Tabatabaei,M (2629)-Dardha,D (2485) Chess.com INT 2021}) 9. Nd5 h6 10. f3 {[%emt 0:09:30] The position is equal.} Be6 11. h5 (11. e4 $11 {deserves consideration.}) 11... Nge7 12. hxg6 fxg6 13. e4 b5 14. f4 Nd4 {[%emt 0:02:58] Threatens to win with ...bxc4.} 15. Be3 (15. Nxe7 $11 {remains equal.} Kxe7 16. Nf3) 15... bxc4 $17 {[%emt 0:04:35] Hoping for ...Nxd5.} 16. dxc4 exf4 ({Black should play} 16... O-O $17 {White must now prevent ...a4.} 17. f5 gxf5 18. Bxh6 Nxd5 19. exd5 Bf7 20. Bxg7 Kxg7) 17. gxf4 (17. Nxf4 $15 Bf7 18. Bxd4 cxd4 19. Qa4+ Qd7 20. Qxd7+ Kxd7 21. Nge2) 17... a4 (17... O-O $17 18. Qd3 Nxd5 19. cxd5 Bc8 20. Bxd4 cxd4) 18. Bh3 (18. Qd3 $15) 18... Nxd5 19. cxd5 Qh4+ ({Better is} 19... Bxh3 20. Nxh3 O-O) 20. Kf1 ({White should try} 20. Kd2 Bxh3 21. Rxh3 Nb3+ 22. Kc2 (22. Qxb3 $2 Qxh3 23. Qxa4+ Rxa4 $19)) 20... Bc8 $2 {[%emt 0:06:15][%mdl 8192] [#]} ({Don't do} 20... Qg3 21. Bc1 $14) (20... Bxh3+ $17 21. Nxh3 (21. Rxh3 Qe7 $17) 21... Qg3) 21. Bd7+ $1 {[%emt 0:00:31][%mdl 512] What a bad dream for Black.  Weighted Error Value: White=0.49/Black=0.33} 1-0

[Event "GER-ch Youth-ODJM 2022"]
[Site "Willingen"]
[Date "2022.06.06"]
[Round "3.6"]
[White "Kardoeus, David"]
[Black "Irkilmez, Yakub"]
[Result "1/2-1/2"]
[ECO "C07"]
[WhiteElo "2144"]
[BlackElo "2169"]
[Annotator "TA"]
[PlyCount "90"]
[EventDate "2022.06.05"]
[EventType "swiss"]
[EventRounds "9"]
[EventCountry "GER"]
[SourceTitle "playchess.com"]
[Source "ChessBase"]
[SourceQuality "1"]
[TimeControl "40/4500+30:900+30"]

1. e4 e6 2. d4 d5 3. Nd2 c5 4. exd5 Qxd5 5. Ngf3 cxd4 6. Bc4 Qd6 7. O-O Nf6 8. Nb3 Nc6 9. Nbxd4 Nxd4 10. Nxd4 a6 11. c3 Qc7 12. Qe2 h6 {[%emt 0:00:00] [#] Inhibits Bg5. C07: French Tarrasch: 3...c5, 4 Ngf3 and 4 exd5 Qxd5.} 13. Rd1 $146 ({Predecessor:} 13. Re1 Bd6 14. Nf3 O-O 15. Bb3 Bd7 16. Ne5 Bxe5 17. Qxe5 Qxe5 18. Rxe5 Bc6 19. f3 Rfd8 20. Be3 {1-0 (63) Hamitevici,V (2484)-Rodgaard,J (2338) Runavik 2016}) 13... Be7 14. Nf3 O-O {[%emt 0:00:00] The position is equal.} 15. Rd4 b5 16. Bf4 Qc5 17. b4 ({Better is} 17. Bd3 $11) 17... Qb6 (17... Qh5 $5 18. Bb3 Bb7 $15) 18. Bb3 Bb7 19. Ne5 Rad8 20. Be3 Qc7 {[%emt 0:00:45][%csl LRc3,LRe5] Inhibits Rd7.} 21. Rxd8 Rxd8 22. Bd4 Bxb4 23. Qe3 Rxd4 24. cxd4 Bc3 {[%emt 0:00:59] This bishop pair is nice.} 25. Rc1 b4 26. a3 {[%emt 0:10:08] Black must now prevent axb4.} (26. Nd3 $5 ) 26... a5 27. Qd3 Qd6 28. axb4 axb4 29. Rxc3 bxc3 30. Qxc3 Ne4 31. Qe3 Qa3 $40 {[%emt 0:01:52][%mdl 128] ( -> ...Qa1+). Black attacks.} 32. h4 (32. h3 $5 ) 32... Qa1+ 33. Kh2 Nf6 34. f3 {[%emt 0:00:09][%cal Oe5f7] aiming for Nxf7!} Qb2 35. Kh3 Bd5 (35... Ba6 $5 36. Nc4 (36. Nxf7 $2 Bf1 $19) 36... Qb1 $17) 36. Bd1 Qa1 37. Qd3 (37. Qd2 $1 $11 {feels stronger.}) 37... Qc1 (37... Bb7 $1 $15) 38. Kh2 {[%emt 0:00:46] [#]} (38. Qc2 $11 Qxc2 39. Bxc2) 38... Nh5 (38... Bb7 $1 $17) 39. Bc2 $2 (39. g3 $11 {and White has nothing to worry.}) 39... Qf4+ (39... Qe1 $19 {is more deadly. Threatens to win with ...f5.} 40. Qh7+ Kf8) 40. Kg1 $17 Qxh4 41. Qc3 {[%emt 0:00:00] Inhibits Qe1+. Qc8+ would kill now.} Qd8 {[%emt 0:00:00] Against Qc8} 42. Qc5 {[%emt 0:00:00] [#]} Nf6 (42... f5 $1 $17 {Strongly threatening ...Kh7.} 43. Ng6 Nf6) 43. Qa7 $1 $11 Qf8 44. Qc7 h5 45. Bd3 Qe8 {[%emt 0:04:20] Weighted Error Value: White=0.28 (precise) /Black=0.22 (precise)} 1/2-1/2

[Event "GER-ch Youth-ODJM 2022"]
[Site "Willingen"]
[Date "2022.06.06"]
[Round "3.7"]
[White "Kamp, Adrian"]
[Black "Gallasch, Jonas"]
[Result "0-1"]
[ECO "B40"]
[WhiteElo "1969"]
[BlackElo "2044"]
[Annotator "TA"]
[PlyCount "68"]
[EventDate "2022.06.05"]
[EventType "swiss"]
[EventRounds "9"]
[EventCountry "GER"]
[SourceTitle "playchess.com"]
[Source "ChessBase"]
[SourceQuality "1"]
[TimeControl "40/4500+30:900+30"]

1. e4 c5 2. Nf3 e6 3. c3 Nc6 4. Bb5 Nge7 5. O-O a6 6. Ba4 b5 7. Bc2 d5 8. d4 cxd4 9. cxd4 {[%emt 0:00:00] B30: Sicilian: 2...Nc6 3 Bb5, lines without ...g6.} Nb4 $1 10. Nc3 Nxc2 11. Qxc2 {[%emt 0:00:20] The position is equal.} dxe4 12. Qxe4 {[%emt 0:08:40] [#]} Rb8 $146 ({Predecessor:} 12... Ra7 13. Bg5 f6 14. Bf4 Qd7 {½-½ (14) Hazai,L (2430)-Sax,G (2530) Budapest 1976}) 13. Bg5 {[%emt 0:18:35] Hoping for Rad1.} Bb7 14. Qg4 b4 15. Na4 Bxf3 16. Qxf3 Qd5 17. Qg3 Nc6 18. Bf4 {[%emt 0:11:21] Inhibits Bd6.} Nxd4 19. Rfe1 {[%emt 0:01:41] Prevents Ne2+.} Rb7 20. Rac1 {[%emt 0:01:37][%mdl 1024] [#] And now Qd3 would win. White has compensation.} f6 $1 21. Rc8+ Kf7 {[%emt 0:00:05][%cal Od4e2] White must now prevent ...Ne2+!} 22. Qe3 {[%emt 0:01:51] Prevents Ne2+.} (22. Qg4 $11) 22... Rg8 23. Rd1 {[%emt 0:04:21] [#]} e5 (23... Rd7 $1 $17 24. Rcc1 e5) 24. h3 $2 Be7 $19 {[%emt 0:00:28] Chess con chili. Active counter play!} 25. Rxg8 Kxg8 26. Qd3 $2 (26. Kh1 {is a better defense.}) 26... Rd7 {[%emt 0:00:44][%cal Bb7d7,Bd7d8,Bd8d1][%mdl 32] aiming for ...Ne2+. Black is clearly winning.} 27. Bd2 {[%emt 0:01:13] Threatens to win with Nb6.} Qb5 {[%emt 0:01:21] Against Nb6} 28. Qxb5 axb5 ({Stronger than} 28... Nxb5 29. Kf1 $17) 29. Nb6 Rd8 30. a4 bxa3 31. bxa3 Bc5 32. Ba5 Ne2+ 33. Kf1 Rxd1+ 34. Kxe2 Rd6 {[%emt 0:00:07] Weighted Error Value: White=0.72/Black=0.06 (flawless)} 0-1

[Event "GER-ch Youth-ODJM 2022"]
[Site "Willingen"]
[Date "2022.06.06"]
[Round "3.8"]
[White "Gerlach, Felix"]
[Black "Jenner, Meikel"]
[Result "1/2-1/2"]
[ECO "A15"]
[WhiteElo "2072"]
[BlackElo "1981"]
[Annotator "TA"]
[PlyCount "69"]
[EventDate "2022.06.05"]
[EventType "swiss"]
[EventRounds "9"]
[EventCountry "GER"]
[SourceTitle "playchess.com"]
[Source "ChessBase"]
[SourceQuality "1"]
[TimeControl "40/4500+30:900+30"]

1. c4 Nf6 2. g3 e6 3. Bg2 d5 4. Nf3 c6 5. b3 Bd6 6. Bb2 Nbd7 {[%emt 0:00:00] is the legacy move (6...0-0).} 7. Nc3 {[%emt 0:00:00] Inhibits b5. A13: English Opening: 1...e6.} O-O 8. Rc1 b6 9. O-O {[%emt 0:00:00] White has an edge.} Ba6 {[%emt 0:00:00] [#]} 10. Nd4 $146 ({Predecessor:} 10. d3 e5 11. cxd5 cxd5 12. d4 e4 13. Nh4 Re8 14. f3 Rc8 15. Nf5 Bf8 16. Qd2 {1-0 (31) Karmanova,O (1842)-Komissarova,S (1609) Moscow 2020}) 10... Rc8 11. cxd5 cxd5 12. Ncb5 Bb8 13. a4 Bb7 {[%emt 0:06:38] Inhibits Nc6.} 14. Ba3 Nc5 15. b4 Ncd7 16. Qb3 Qe7 17. f4 a6 18. Nc3 Bd6 19. d3 {[%emt 0:05:48] Against Rc4} g6 (19... Ng4 {keeps more tension.} 20. Nc2 e5 21. Nxd5 Bxd5 22. Qxd5 Rxc2 23. Rxc2 Ne3) 20. Nf3 (20. e3 $15) 20... Rc7 (20... Ng4 $17 {White must now prevent ...Ne3.} 21. e4 dxe4 22. Nxe4 Bd5) 21. Na2 $15 Rfc8 22. Bb2 (22. Rxc7 $11 {is superior.} Rxc7 23. Bb2) 22... Qd8 (22... Rxc1 $17 23. Bxc1 e5 24. fxe5 Nxe5) 23. Bd4 Rxc1 24. Rxc1 Rxc1+ 25. Nxc1 Qc7 26. Na2 e5 27. fxe5 Nxe5 28. Qb2 Nfd7 29. Nxe5 Bxe5 30. Bxe5 Qxe5 31. Qxe5 Nxe5 $11 {[%emt 0:00:03] KBN-KBN} 32. Nc3 d4 33. Na2 (33. Nb1 $11 Bc6 34. Bxc6 Nxc6 35. b5 axb5 36. axb5) 33... Bxg2 $17 34. Kxg2 Kf8 (34... f5 $17) 35. Nc1 $1 {[%emt 0:00:55] Weighted Error Value: White=0.17 (very precise) /Black=0.17 (very precise)} 1/2-1/2

[Event "GER-ch Youth-ODJM 2022"]
[Site "Willingen"]
[Date "2022.06.06"]
[Round "3.11"]
[White "Terhuven, Patrick"]
[Black "Fuchs, Florian"]
[Result "1-0"]
[ECO "A04"]
[WhiteElo "2162"]
[BlackElo "2320"]
[Annotator "TA"]
[PlyCount "65"]
[EventDate "2022.06.05"]
[EventType "swiss"]
[EventRounds "9"]
[EventCountry "GER"]
[SourceTitle "playchess.com"]
[Source "ChessBase"]
[SourceQuality "1"]
[TimeControl "40/4500+30:900+30"]

1. Nf3 c5 2. c4 Nc6 3. d4 cxd4 4. Nxd4 f5 5. Nc3 g6 6. e3 {[%emt 0:00:00][%cal Od4f5] A30: Symmetrical English: Double Fianchetto and Hedgehog.} Bg7 7. Be2 b6 {[%emt 0:00:00] [#]} 8. O-O $146 {[%emt 0:00:19] White is slightly better.} ({Predecessor:} 8. Nxc6 dxc6 9. Qxd8+ Kxd8 10. Bd2 Be6 11. O-O-O Ke8 12. e4 Nh6 13. f3 Rf8 14. Rhe1 {0-1 (97) Foisor,C (2315)-Miezis,N (2481) Baden 2000}) 8... Nf6 9. Bf3 Bb7 10. b3 O-O 11. Bb2 a6 12. Qd2 e5 13. Nc2 e4 14. Be2 Ne5 15. Nb4 Qb8 (15... Nf3+ $1 $11 {keeps the balance.} 16. Bxf3 (16. gxf3 exf3 17. Rfd1 fxe2 $17) 16... exf3) 16. Nbd5 $16 {[%emt 0:03:25] White leaves nothing to chance now.} Nfg4 {[%emt 0:07:15][%cal Oe5f3] [#] ( -> ...Nf3+!)} 17. g3 g5 (17... Bc6 $16) 18. h3 $18 Qd6 $2 (18... Nh6 {was worth a try.} 19. Nxb6 Ra7) 19. hxg4 Qh6 20. f4 Qh3 (20... exf3 $142 21. Bxf3 Nxf3+ 22. Rxf3 fxg4 23. Ne7+ Kh8) 21. Qe1 ({Worse is} 21. fxe5 Qxg3+ 22. Kh1 Qh3+ 23. Kg1 Qg3+ 24. Kh1 Qh3+ 25. Kg1 Qg3+ $11) 21... Nf3+ 22. Bxf3 exf3 23. Rxf3 gxf4 24. Rxf4 {[%emt 0:03:47] Hoping for gxf5.} Bxd5 25. cxd5 Be5 {[%emt 0:00:10] [#]} 26. gxf5 $1 Bxf4 (26... Rae8 27. Rh4) 27. exf4 Rae8 28. Ne4 Rc8 {[%emt 0:02:36] Against Qc3. White must now prevent ...Rc2.} 29. Qf2 {[%emt 0:01:40] Against Rc2. Intending Qd4 and mate.} Rxf5 30. Qd4 {[%emt 0:01:30][%csl Gb2][%cal Rd4g7] White mates.} Qg4 31. Qh8+ Kf7 32. Nd6+ Kg6 33. Qg7+ {[%emt 0:00:15] Weighted Error Value: White=0.17 (very precise) /Black=0.68} 1-0

[Event "GER-ch Youth-ODJM 2022"]
[Site "Willingen"]
[Date "2022.06.06"]
[Round "3.12"]
[White "Kotyk, Michael"]
[Black "Herter, Arne"]
[Result "0-1"]
[ECO "E70"]
[WhiteElo "2170"]
[BlackElo "1943"]
[Annotator "TA"]
[PlyCount "60"]
[EventDate "2022.06.05"]
[EventType "swiss"]
[EventRounds "9"]
[EventCountry "GER"]
[SourceTitle "playchess.com"]
[Source "ChessBase"]
[SourceQuality "1"]
[TimeControl "40/4500+30:900+30"]

1. d4 Nf6 2. c4 g6 3. Nc3 Bg7 4. e4 d6 5. Be3 O-O 6. h3 e5 7. d5 Na6 8. g4 {[%emt 0:00:00] E71: King's Indian: 4 e4 d6 5 h3.} Nc5 9. f3 a5 10. Nge2 {[%emt 0:00:00] White is slightly better.} c6 11. h4 cxd5 12. cxd5 Bd7 (12... h5 $5 ) 13. Ng3 a4 14. Qd2 Qa5 15. h5 Rfc8 16. hxg6 $1 fxg6 17. g5 Ne8 18. Qh2 a3 $1 19. Qxh7+ Kf7 $1 (19... Kf8 20. b4 Qxb4 21. Bd2 $16 (21. Rc1 $2 Nb3 $19)) 20. b4 (20. Rh6 $2 axb2 21. Qxg6+ Ke7 $19) 20... Qxb4 21. Bd2 {[%emt 0:00:12] Rh6 is the strong threat.} ({But not} 21. Rc1 $2 Nb3 $1 22. Nf5 (22. axb3 $2 Rxc3 23. Rxc3 Qxc3+ 24. Kf2 a2 $19) 22... Nxc1 23. Nxg7 Nxg7 $19) 21... Qd4 {[%emt 0:20:37] [#]} (21... Qb2 $14 22. Rb1 Na4 23. Rxb2 axb2) 22. Rh6 $2 {[%emt 0:12:01] [#] White does not recover from this.} (22. Rd1 $1 $16 {stays on course.}) 22... Qg1 $146 ({Predecessor:} 22... Nd3+ 23. Bxd3 Qxd3 24. Qxg6+ Ke7 25. Rh7 Qxf3 26. Rxg7+ Nxg7 27. Qxg7+ Ke8 28. Nce2 Ra4 29. g6 Rc2 30. Qh8+ {1-0 (30) Barski,R (2444)-Adamczewski,M (2045) Wroclaw 2020}) 23. Qxg6+ (23. Rb1 $142 Nd3+ 24. Kd1 Nb2+ 25. Ke2 Rxc3 26. Bxc3) 23... Kf8 24. Nf5 Nd3+ $1 25. Ke2 Rxc3 26. Be3 {[%emt 0:10:00] Against Qf2+} Nf4+ 27. Bxf4 exf4 28. Qxg7+ Nxg7 29. Rh8+ Kf7 30. Nxd6+ Ke7 {[%emt 0:00:43] Weighted Error Value: White=0.69/Black=0.09 (flawless)} 0-1

[Event "GER-ch Youth-ODJM 2022"]
[Site "Willingen"]
[Date "2022.06.06"]
[Round "3.13"]
[White "Gallasch, Robin"]
[Black "Sabirov, Ramil"]
[Result "1/2-1/2"]
[ECO "A04"]
[WhiteElo "2063"]
[BlackElo "2130"]
[Annotator "TA"]
[PlyCount "96"]
[EventDate "2022.06.05"]
[EventType "swiss"]
[EventRounds "9"]
[EventCountry "GER"]
[SourceTitle "playchess.com"]
[Source "ChessBase"]
[SourceQuality "1"]
[TimeControl "40/4500+30:900+30"]

1. Nf3 c5 2. b3 Nc6 3. Bb2 d5 4. e3 Nf6 5. Bb5 Bd7 6. O-O e6 7. d3 Be7 8. Nbd2 {[%emt 0:00:00] A06: Réti Opening: 1 Nf3 d5.} a6 9. Bxc6 Bxc6 10. Ne5 Rc8 11. Qe2 O-O 12. f4 Nd7 13. Qg4 {[%emt 0:01:55] [#]} Nxe5 $146 ({Predecessor:} 13... f5 14. Qh3 Nxe5 15. Bxe5 Bf6 16. Nf3 Qe7 17. Bxf6 Qxf6 18. Ne5 d4 19. Rae1 Rfe8 {1-0 (47) Fryc,M (2135)-Novak,J (2127) Brno 2001}) 14. Bxe5 {[%emt 0:03:10][%csl Ge5][%cal Rg4g7] [#]} Bf6 15. Rf3 g6 16. Rh3 Bg7 17. Nf3 f6 {[%emt 0:08:19] Inhibits Ng5.} 18. Qxe6+ Rf7 $1 {[%emt 0:02:03] [#] ...Bd7 is the strong threat.} 19. Rxh7 $1 Kxh7 20. Qxf7 {[%emt 0:00:07][%cal Of3g5] Threatens to win with Ng5+!} fxe5 21. Ng5+ ({Reject} 21. Nxe5 Qd6 22. Nf3 Re8 23. Ng5+ Kh8 $17) ({Don't play} 21. fxe5 Rc7 22. Ng5+ Qxg5 $17) 21... Kh6 {[%emt 0:00:30] aiming for ...exf4.} 22. Qe6 Qd7 {[%emt 0:00:24] White must now prevent ...exf4.} 23. Nf7+ Kh5 24. g4+ Kh4 25. Qxg6 Qxg4+ 26. Qxg4+ Kxg4 27. Kf2 {[%emt 0:00:40] Hoping for Rg1+.} Rc7 28. Rg1+ Kf5 $1 29. Nxe5 (29. Rxg7 $11 {keeps the balance.} Kf6 30. Rh7 Rxf7 31. fxe5+ Kg6+ 32. Rxf7 Kxf7 33. Kf3) 29... Bxe5 $17 30. Rg5+ Kf6 31. Rxe5 {[%emt 0:00:05][%mdl 4096] Endgame KRB-KR} Rh7 32. Kg3 Rg7+ 33. Kf2 $1 Rh7 34. Kg3 Rg7+ 35. Kf2 $1 Rg4 36. h3 Rg7 37. Rh5 Kg6 38. Rg5+ Kf6 39. Rh5 Rg8 40. Kf1 (40. Rh6+ $11 Rg6 41. Rh5) 40... Rg3 (40... c4 $5) 41. Kf2 Rg8 42. Rh6+ Rg6 43. Rh7 Rg7 (43... a5 $15) 44. Rh6+ Ke7 45. Rh5 ({White should try} 45. h4 $11) 45... Kf7 46. Rf5+ Ke6 47. Rh5 Kf7 48. Rf5+ Ke6 {[%emt 0:00:00] Weighted Error Value: White=0.15 (very precise) /Black=0.15 (very precise)} 1/2-1/2

[Event "GER-ch Youth-ODJM 2022"]
[Site "Willingen"]
[Date "2022.06.06"]
[Round "3.14"]
[White "Paeslack, Luis"]
[Black "Garbuz, Vitaliy"]
[Result "1/2-1/2"]
[ECO "D31"]
[WhiteElo "1889"]
[BlackElo "2134"]
[Annotator "TA"]
[PlyCount "54"]
[EventDate "2022.06.05"]
[EventType "swiss"]
[EventRounds "9"]
[EventCountry "GER"]
[SourceTitle "playchess.com"]
[Source "ChessBase"]
[SourceQuality "1"]
[TimeControl "40/4500+30:900+30"]

1. d4 d5 2. c4 c6 3. Nc3 e6 4. e4 dxe4 5. Nxe4 Nf6 6. Nxf6+ Qxf6 7. Nf3 h6 {[%emt 0:00:00] D31: Queen's Gambit Declined: Semi-Slav without ...Nf6 (+ Marshall Gambit and Noteboom) and Exchange Variation lines without ...Nf6.} 8. Bd3 Bd6 9. O-O Nd7 {[%emt 0:00:00] White is slightly better.} 10. Bd2 {[%emt 0:11:05] [#]} b6 $146 ({Predecessor:} 10... O-O 11. Bc3 Qe7 12. Qd2 Rb8 13. Rfe1 b5 14. c5 Bc7 15. Be4 Bb7 16. a4 a6 17. axb5 axb5 {½-½ (42) Kratochvil,K (2231)-Hlavacek,R (2211) Czech Republic 2013}) 11. Bc3 {[%emt 0:07:04] Threatens to win with Be4.} Bb7 $2 (11... Qe7 $16) 12. Qc2 $2 (12. c5 $1 $18 ) 12... O-O-O $2 (12... Qe7 $14) 13. c5 $18 Bb8 14. b4 Qf4 15. b5 $2 (15. Rfc1 $18) 15... cxb5 $16 16. cxb6 (16. c6 $16 Bxc6 17. Bd2) 16... Nxb6 $11 17. Ne5 {[%emt 0:04:10] aiming for Bd2+.} Nc4 {[%emt 0:01:18][%cal Rb8e5] Inhibits Bd2.} 18. Bxc4 (18. g3 $6 Qf6 19. f4 Bxe5 20. fxe5 Qe7 $11) ({White should play} 18. Rfe1 $1 $14 Bxe5 19. Rxe5) 18... bxc4 19. Bd2 $1 Qxd4 20. Nxf7 (20. Nxc4 $11 {and White is okay.} Bc7 21. Rfc1) 20... Qd5 $2 ({Wrong is} 20... Qxd2 $2 21. Qxc4+ Bc7 22. Rfc1 $19) (20... Bxg2 $1 $19 {has better winning chances.} 21. Rfc1 (21. Kxg2 $2 Qg4+ 22. Kh1 Qf3+ 23. Kg1 Rd4 $19) 21... Bd5 $1) 21. f3 $2 (21. Qg6 $17 {was forced.} Qxd2 22. Qxe6+ Qd7 23. Qxc4+ Bc7 24. Rab1) 21... Qh5 $2 ({Not} 21... Qxd2 $2 22. Qxc4+ Bc7 23. Qxe6+ Kb8 24. Nxh8 Rxh8 25. Rad1 $19) ({Better is} 21... Qc5+ $19 22. Rf2 {[#]} Rxd2 $1 23. Qxd2 Rf8) 22. Qxc4+ {[%emt 0:00:18] The position is equal.} Bc7 $1 {[%emt 0:00:05] A strong pair of Bishops.} 23. Nxd8 {[%emt 0:01:16][%cal Od2f4] The board is on fire.} Qxh2+ 24. Kf2 Rxd8 25. Ba5 {[%emt 0:01:34] Hoping for Rfc1.} Qg3+ 26. Kg1 Qh2+ 27. Kf2 {[%emt 0:00:04] And now Rfc1 would win.} Qg3+ {[%emt 0:00:03] Weighted Error Value: White=0.81/Black=0.90} 1/2-1/2